 Dungeon Crawl Stone Soup version 0.30-a0-1075-gcd70e7a56d (webtiles) character file.

Game seed: 4176223876153450462

753 123456 the Digger (level 7, 0/36 HPs)
             Began as a Gargoyle Earth Elementalist on Apr 13, 2023.
             Killed by divine providence
             ... invoked by an orc priest
              (17 damage)
             ... on level 5 of the Dungeon on Apr 14, 2023.
             The game lasted 00:08:21 (4993 turns).

123456 the Digger (Gargoyle Earth Elementalist)     Turns: 4993, Time: 00:08:21

Health: 0/36       AC:  7    Str: 11    XL:     7   Next: 79%
Magic:  10/13      EV: 17    Int: 24    God:
Gold:   292        SH:  0    Dex: 10    Spells: 8/14 levels left

rFire   . . .      SeeInvis .    w - +2 dagger (speed)
rCold   . . .      Faith    .    (no shield)
rNeg    + . .      Spirit   .    a - +0 robe
rPois   ∞          Reflect  .    (no helmet)
rElec   +          Rampage  .    c - +0 cloak
rCorr   .                        (no gloves)
Will    .....                    (no boots)
Stlth   ++                       (no amulet)
HPRegen 0.26/turn                d - +5 ring of evasion
MPRegen 0.13/turn                x - +6 ring of intelligence

@: no status effects
A: sickness immunity, AC +4, negative energy resistance 1, electricity
resistance, torment resistance 1, petrification resistance
a: no special abilities


You were on level 5 of the Dungeon.
You visited 1 branch of the dungeon, and saw 5 of its levels.
You also visited: Sewer.

You collected 292 gold pieces.

Inventory:

Hand Weapons
 w - a +2 dagger of speed (weapon)
Armour
 a - a +0 robe (worn)
 c - a +0 cloak (worn)
Jewellery
 d - a +5 ring of evasion (left hand)
 x - a +6 ring of intelligence (right hand)
Wands
 s - a wand of flame (17)
 t - a wand of roots (14)
Scrolls
 e - 3 scrolls of teleportation
 g - a scroll of noise {unknown}
 j - a scroll of silence {unknown}
 k - 2 scrolls of enchant armour
 m - 3 scrolls of immolation
 o - 2 scrolls of blinking {unknown}
 p - a scroll of fear {unknown}
 q - 3 scrolls of summoning {unknown}
 v - a scroll of poison {unknown}
Potions
 b - 3 potions of magic
 f - 2 potions of curing
 h - 2 potions of lignification {unknown}
 i - 2 potions of brilliance
 l - a potion of mutation {unknown}
 n - a potion of invisibility {unknown}
 r - 2 potions of might {unknown}
 u - a potion of attraction {unknown}


   Skills:
 + Level 3.0 Dodging
 + Level 4.3 Stealth
 * Level 4.4 Spellcasting
 + Level 3.0 Conjurations
 - Level 0.7 Transmutations
 * Level 6.4 Earth Magic


You had 8 spell levels left.
You knew the following spells:

 Your Spells              Type           Power      Damage    Failure   Level
a - Sandblast             Erth           72%        2d16      1%          1
b - Stone Arrow           Conj/Erth      56%        3d10      4%          3
c - Passwall              Tmut/Erth      18%        N/A       3%          2

Your spell library contained the following spells:

 Spells                   Type           Power      Damage    Failure   Level
 Petrify                  Tmut/Erth      22%        N/A       22%         4
 Animate Dead             Necr           5%         N/A       67%         4
 Manifold Assault         Tloc           5%         N/A       67%         4
 Dispersal                Tloc           2%         N/A       100%        6
 Haunt                    Necr/Summ      2%         N/A       100%        7
 Disjunction              Tloc           2%         N/A       100%        8
 Infestation              Necr           2%         N/A       100%        8


Dungeon Overview and Level Annotations

Branches:
Dungeon (5/15)              Sewer (visited)
 Temple: D:4-7

Altars:
Elyvilon
Wu Jian

Shops:
D:3 [


Innate Abilities, Weirdness & Mutations

You are immune to sickness and miasma.
Your stone body is resilient. (AC +4)
You are immune to poison.
You resist negative energy. (rN+)
You are resistant to electric shocks. (rElec)
You are resistant to unholy torment.
You are immune to petrification.


Message History

The shadow imp barely misses you.
The shadow imp hits you but does no damage.
You hit the shadow imp but do no damage.
The shadow imp is moderately wounded.
The blast of sand hits the shadow imp.
The shadow imp is moderately wounded.
The orc priest hits you but does no damage.
The shadow imp hits you but does no damage.
The shadow imp completely misses you.
The orc priest hits you with a +0 short sword.
The blast of sand hits the shadow imp!!
You kill the shadow imp!
The hound misses you.
The orc priest calls down the wrath of Beogh upon you.
Pain shoots through your body! The iguana barely misses you.
The blast of sand misses the orc priest.
The hound completely misses you. The iguana bites you.
The orc priest closely misses you. The hound closely misses you.
The orc priest mumbles some strange prayers to Beogh against you.
Beogh smites you!
* * * LOW HITPOINT WARNING * * *
The iguana bites you.
* * * LOW HITPOINT WARNING * * *
The hound closely misses you. The iguana attacks as you move away!
The iguana misses you.
You feel better. The hound barely misses you.
The orc priest closely misses you. The hound bites you.
* * * LOW HITPOINT WARNING * * *
You feel better. The hound bites you but does no damage.
The orc priest hits you but does no damage.
The hound attacks as you move away! The hound closely misses you.
The orc priest attacks as you move away!
The orc priest closely misses you. The hound bites you but does no damage.
The hound attacks as you move away! The hound barely misses you.
The orc priest looks braver for a moment.
You see here an adder corpse.
The hound bites you.
The orc priest invokes the aid of Beogh against you.
Beogh smites you!
You die...

######## #.# .. #.####.#
#.^.#.. #.#...# #.#.#.# #
#.....#.#.. ##.#......!.
#####..oOw# #.@h.l###.#
#.#.#.# ...
###############.#...###.#...
........................##.##
##################...#... ...
##...... #.. ####.#. .# ..


You could see an ogre, an iguana, a hound, an orc priest and a dart slug.

Vanquished Creatures
  Sigmund (D:4)
  2 bullfrogs (Sewer)
  A scorpion (D:4)
  The ghost of roninjake the Conjurer, a weakling GnCj (D:3)
  A jelly (D:4)
  An orc wizard (D:4)
  7 gnolls (D:4)
  6 river rats
  8 adders
  A shadow imp (D:5)
  A dart slug (D:3)
  7 orcs
  21 ball pythons
  8 endoplasms
  5 giant cockroaches
  6 goblins
  12 hobgoblins
  3 jackals (D:4)
  2 kobolds (D:1)
  A quokka (D:3)
  5 bats
  4 frilled lizards
  29 rats
133 creatures vanquished.

Vanquished Creatures (others)
  An adder (D:3)
  A fungus (D:4)
  A plant (D:1)
3 creatures vanquished.

Grand Total: 136 creatures vanquished

Notes
Turn   | Place    | Note
-------+----------+-------------------------------------------
     0 | D:1      | 123456 the Gargoyle Earth Elementalist began the quest for
                  | the Orb.
     0 | D:1      | Reached XP level 1. HP: 10/10 MP: 3/3
   329 | D:1      | Reached XP level 2. HP: 13/15 MP: 0/5
   782 | D:1      | Reached skill level 4 in Earth Magic
  1223 | D:1      | Upgraded the game from 0.30-a0-1074-g5db6f66fbb to
                  | 0.30-a0-1075-gcd70e7a56d
  1300 | D:2      | Reached XP level 3. HP: 19/19 MP: 6/6
  1304 | D:2      | Learned a level 3 spell: Stone Arrow
  1810 | D:2      | Learned a level 2 spell: Passwall
  2317 | D:3      | Reached XP level 4. HP: 24/24 MP: 4/8
  2425 | D:3      | Reached skill level 1 in Conjurations
  2714 | D:3      | Found a glowing drain.
  2724 | Sewer    | Entered a sewer
  2931 | Sewer    | Reached XP level 5. HP: 26/28 MP: 5/9
  3239 | Sewer    | Reached skill level 5 in Earth Magic
  3394 | Sewer    | Reached XP level 6. HP: 32/32 MP: 5/11
  3603 | D:3      | Found a runed translucent door.
  3608 | D:3      | Noticed roninjake's ghost (weakling GnCj)
  3619 | D:3      | Killed roninjake's ghost
  3889 | D:3      | Found Enely's Antique Armour Shoppe.
  4140 | D:4      | Noticed Sigmund
  4144 | D:4      | Reached XP level 7. HP: 36/36 MP: 8/12
  4168 | D:4      | Killed Sigmund
  4169 | D:4      | Reached skill level 6 in Earth Magic
  4483 | D:4      | Found an ornate altar of the Wu Jian Council.
  4589 | D:4      | Found a white marble altar of Elyvilon.
  4897 | D:5      | Entered Level 5 of the Dungeon
  4993 | D:5      | Killed from afar by an orc priest

Illustrated notes

Levels and vault maps discovered:
D:1:      evilmike_arrival_rings, layout_basic, serial_forest,
          infiniplex_forest_zigzag_1, infiniplex_forest_end_1,
          infiniplex_forest_lined_3, infiniplex_forest_straight_5,
          infiniplex_forest_end_3, infiniplex_forest_straight_4,
          infiniplex_forest_clump_medium, infiniplex_forest_clump_medium,
          infiniplex_forest_end_1, minmay_stone_trees_medium
D:2:      layout_loops_ring
D:3:      layout_loops_ring, serial_shops, shop_statue, portal_sewer_entry_b,
          ebering_ghost_reflecting_pool, chequers_decorated_corner, st_stairs_6
D:4:      layout_basic, mainiacjoe_overflow_boulevard,
          nicolae_elyvilon_peaceful_grove, uniq_sigmund
D:5:      layout_basic, trog_three_pillars_becter,
          nicolae_dithmenos_shadow_blocks, minmay_fractal_squares_5, uniq_ijyb

Skill      XL: |  1  2  3  4  5  6  7 |
---------------+----------------------+-----
Earth Magic    | 4 5 6 |  6.4
Dodging        | 2 3 |  3.0
Conjurations   | 1 2 3 |  3.0
Spellcasting   | 3 4 |  4.4
Stealth        | 3 4 |  4.3
Transmutations | |  0.7

Action                     |  1- 3 |  4- 6 |  7- 9 || total
---------------------------+-------+-------+-------++-------
  Melee: Unarmed           |    26 |       |       ||    26
         Spear             |    14 |    45 |    17 ||    76
         Dagger            |       |       |     1 ||     1
   Cast: Sandblast         |    44 |    98 |    37 ||   179
         Passwall          |     3 |       |       ||     3
         Stone Arrow       |       |     5 |     4 ||     9
    Use: Scroll            |     3 |     2 |       ||     5
         Potion            |       |       |     2 ||     2
   Stab: Sleeping          |     1 |     1 |       ||     2
 Armour: Robe              |    12 |    39 |     9 ||    60
  Dodge: Dodged            |    40 |   173 |    44 ||   257

Table legend: (Time is in decaauts)
 A = Elapsed time spent in this place.
 B = Non-inter-level travel time spent in this place.
 C = Inter-level travel time spent in this place.
 D = Time resting spent in this place.
 E = Time spent auto-exploring this place.
 F = Levels seen in this place.
 G = Mean time per level.
                   A        B        C        D        E       F      G
               +--------+--------+--------+--------+--------+-----+--------+
         Total |   5128 |   4971 |    157 |    254 |   3851 |   6 |  854.7 |
       Dungeon |   4270 |   4113 |    157 |    254 |   3166 |   5 |  854.0 |
         Sewer |    858 |    858 |      0 |      0 |    684 |   1 |  858.0 |
               +--------+--------+--------+--------+--------+-----+--------+

Top non-repeatable levels by time:
     D:1: 1270 daAuts
     D:3: 1065 daAuts
     D:4: 941 daAuts
     D:2: 895 daAuts
   Sewer: 858 daAuts
     D:5: 97 daAuts
